 Dungeon Crawl Stone Soup version 0.16.1-17-g773cdaf (webtiles) character file.

432 lorenzova the Vexing (level 6, -2/28 HPs)
             Began as a Spriggan Enchanter on Apr 23, 2015.
             Slain by an ogre
             ... wielding a +0 giant spiked club
              (30 damage)
             ... on level 4 of the Dungeon.
             The game lasted 00:09:33 (5137 turns).

lorenzova the Vexing (Spriggan Enchanter)           Turns: 5137, Time: 00:09:33

Health: -2/28      AC:  3    Str:  6    XL:     6   Next: 67%
Magic:  14/22      EV: 18    Int: 17    God:
Gold:   171        SH:  0    Dex: 16    Spells: 4 memorised, 9 levels left

rFire  . . .     SeeInvis +     a - +1 dagger
rCold  . . .     Clarity  .     b - +1 robe
rNeg   . . .     SustAb   .     (shield restricted)
rPois  .         Gourm    .     (helmet restricted)
rElec  .         Spirit   .     (no cloak)
rCorr  .         Warding  .     (gloves unavailable)
rMut   .         Stasis   .     (boots unavailable)
MR     +....                    (no amulet)
Stlth  +++.......               (no ring)
                                (no ring)

@: very quick, somewhat resistant to hostile enchantments, fairly stealthy
A: unfitting armour, see invisible, herbivore 3, speed 3, slow metabolism 2
a: no special abilities


You were on level 4 of the Dungeon.
You were hungry.

You visited 1 branch of the dungeon, and saw 4 of its levels.

You collected 171 gold pieces.

Inventory:

Hand weapons
 a - a +1 dagger (weapon)
Armour
 b - a +1 robe (worn)
Magical devices
 h - a wand of paralysis (12)
 n - a wand of confusion (36)
Scrolls
 e - 5 scrolls of identify {unknown}
 f - a scroll of immolation {unknown}
 i - a scroll of teleportation {unknown}
 j - 2 scrolls of fog {unknown}
 l - 4 scrolls of remove curse {unknown}
 m - a scroll of enchant armour {unknown}
 p - a scroll of noise {unknown}
 r - a scroll of enchant weapon {unknown}
Potions
 g - 2 potions of brilliance {unknown}
 k - a potion of restore abilities {unknown}
 o - 2 potions of poison {unknown}
 q - a potion of ambrosia {unknown}
Books
 c - a book of Maledictions

   Spells                             Type                      Level
   a - Corona                         Hexes                        1
   b - Sure Blade                     Hexes/Charms                 2
   c - Ensorcelled Hibernation        Hexes/Ice                    2
   d - Confuse                        Hexes                        3
   e - Dazzling Spray                 Conjuration/Hexes            3
   f - Enslavement                    Hexes                        4
Comestibles
 d - 2 bread rations
 s - 2 royal jellies


   Skills:
 - Level 1.1 Short Blades
 - Level 3.0 Dodging
 - Level 4.4 Stealth
 + Level 6.2 Spellcasting
 + Level 7.1 Hexes


You had 9 spell levels left.
You knew the following spells:

 Your Spells              Type           Power        Failure   Level  Hunger
a - Corona                Hex            ####...      1%          1    None
b - Ensorcelled Hibernat  Hex/Ice        ###...       4%          2    None
c - Confuse               Hex            ####....     1%          3    ##.....
d - Sure Blade            Hex/Chrm       ###.......   4%          2    None


Dungeon Overview and Level Annotations

Branches:
Dungeon (4/15)
 Temple: D:4-7

Altars:

Annotations:
D:2 Terence


Innate Abilities, Weirdness & Mutations

You are tiny and cannot use many weapons and most armour.
You have supernaturally acute eyesight.
You are a herbivore.
You cover ground extremely quickly.
You need consume almost no food.


Message History

Aiming: Ensorcelled Hibernation
Press: ? - help, Shift-Dir - straight line, f/p - ogre
Aim: an ogre, wielding a giant spiked club (chance 48%)
The ogre looks drowsy...
Casting: Ensorcelled Hibernation
Confirm with . or Enter, or press ? or * to list all spells.
You don't know that spell.
The helpless ogre fails to defend itself.
You impale the ogre!!
The ogre is severely wounded.
The ogre misses you.
Casting: Ensorcelled Hibernation
Confirm with . or Enter, or press ? or * to list all spells.
Aiming: Confuse
Press: ? - help, Shift-Dir - straight line, f/p - ogre
Aim: an ogre, wielding a giant spiked club (severely wounded, chance 58%)
The ogre resists with significant effort.
The ogre hits you with a giant spiked club!!
Ouch! That really hurt!
You die...

...........# .>........##
## ....##..### #...
....###.# #.....
.#...##.# .......
.#...##.###### .......
.............####.......
P##........#...........#
P##........####.@......#
.##.............#O......#
###.........#####.......
###........## .(.....
...........# #.....#
##...........# #...#
.#.........#... ###
.#.........###
.#.........#


You could see an ogre.

Vanquished Creatures
  A sky beast (D:3)
  A hound (D:4)
  A centaur skeleton (D:4)
  2 orc wizards (D:3)
  2 worker ants (D:4)
  3 adders
  3 worms
  4 giant geckos
  An ooze (D:1)
  11 orcs
  4 giant cockroaches
  9 hobgoblins
  A ball python (D:3)
  6 bats
  3 giant newts
  7 goblins
  7 kobolds
  9 rats
75 creatures vanquished.

Vanquished Creatures (others)
  A black bear (D:4)
  An orc (D:3)
2 creatures vanquished.

Grand Total: 77 creatures vanquished

Notes
Turn   | Place    | Note
--------------------------------------------------------------
     0 | D:1      | lorenzova, the Spriggan Enchanter, began the quest for the Orb.
     0 | D:1      | Reached XP level 1. HP: 9/9 MP: 4/4
   454 | D:1      | Reached XP level 2. HP: 13/13 MP: 3/8
  1363 | D:2      | Reached XP level 3. HP: 11/16 MP: 8/11
  1746 | D:2      | Noticed Terence
  1926 | D:2      | Learned a level 2 spell: Sure Blade
  1930 | D:2      | Learned a level 3 spell: Confuse
  2761 | D:2      | Learned a level 2 spell: Ensorcelled Hibernation
  2892 | D:3      | Reached skill level 5 in Hexes
  2974 | D:3      | Noticed a sky beast
  3003 | D:3      | Killed a sky beast
  3003 | D:3      | Reached XP level 4. HP: 21/21 MP: 6/16
  3003 | D:3      | Reached XP level 5. HP: 24/24 MP: 6/18
  3229 | D:3      | Reached skill level 5 in Spellcasting
  3229 | D:3      | Reached skill level 6 in Hexes
  4492 | D:4      | Reached XP level 6. HP: 23/28 MP: 14/21
  4815 | D:4      | Noticed a black bear
  4859 | D:4      | Killed a black bear
  4859 | D:4      | Reached skill level 7 in Hexes
  5130 | D:4      | Noticed an ogre
  5137 | D:4      | Slain by an ogre

Action                   |  1- 3 |  4- 6 || total
-------------------------+-------+-------++-------
Melee: Dagger            |   149 |   130 ||   279
 Cast: Corona            |     6 |       ||     6
       Ensorcelled Hiber |     6 |    21 ||    27
       Sure Blade        |     3 |       ||     3
       Confuse           |     2 |    19 ||    21
 Stab: Sleeping          |    12 |    19 ||    31
       Confused          |     2 |    12 ||    14
       Distracted        |       |     1 ||     1
  Eat: Pizza             |       |     2 ||     2
